 Dungeon Crawl Stone Soup version 0.28-a0-683-ga8797d1ae1 (webtiles) character file.

Game seed: 16173207879634270120

201297 bande the Severer (level 18, -34/117 HPs)
             Began as a Gargoyle Fighter on Oct 18, 2021.
             Was the Champion of Okawaru.
             Killed from afar by an ice dragon (73 damage)
             ... with a blast of cold
             ... on level 4 of the Swamp on Oct 19, 2021.
             The game lasted 01:29:06 (42027 turns).

bande the Severer (Gargoyle Fighter)               Turns: 42027, Time: 01:29:07

Health: -34/117    AC: 43    Str: 23    XL:     18   Next: 54%
Magic:  0/25       EV:  8    Int: 18    God:    Okawaru [******]
Gold:   3204       SH: 20    Dex: 14    Spells: 17/17 levels left

rFire   . . .      SeeInvis .   L - +10 broad axe "Catiotie" {freeze, rPois rC- Int+9}
rCold   x . .      Faith    .   Y - +0 tower shield {rN+}
rNeg    + + .      Spirit   +   Z - +11 plate armour "Maucsaub" {Str+4}
rPois   ∞          Reflect  .   i - +2 hat {Stlth+}
rElec   +          Harm     .   S - +1 cloak {rPois}
rCorr   .          Rampage  .   D - +0 pair of gloves
Will    ++...                   r - +0 pair of boots
Stlth   ..........              g - amulet of guardian spirit
HPRegen 1.29/turn               t - +4 ring of slaying
MPRegen 0.19/turn               b - ring of willpower

@: heroic, marked, corroded, flying, unable to read
A: sickness immunity, AC +13, big wings, negative energy resistance 1,
electricity resistance, torment resistance 1, petrification resistance, hooves
1, deformed body, dopey 1, low mp 1, regeneration 1, weak 1, inability to read
while threatened
}: 1/15 runes: gossamer
a: Renounce Religion, Heroism, Finesse, Duel


You were on level 4 of the Swamp.
You worshipped Okawaru.
Okawaru was exalted by your worship.
You visited 7 branches of the dungeon, and saw 33 of its levels.
You also visited: Bailey and Gauntlet.

You collected 3465 gold pieces.
You spent 261 gold pieces at shops.

Inventory:

Hand Weapons
 a - a +1 vampiric war axe
 f - a +2 hand axe of flaming
 z - a +2 broad axe of venom
 L - the +10 broad axe "Catiotie" (weapon) {freeze, rPois rC- Int+9}
   (You bought it in a shop on level 2 of the Orcish Mines)

   It freezes those it strikes, dealing additional cold damage.
   It can also slow down cold-blooded creatures.
   Int:       It affects your intelligence (+9).
   rC:        It makes you vulnerable to cold.
   rPois:     It protects you from poison.
Missiles
 C - 2 throwing nets
Armour
 i - a +2 hat of stealth (worn)
 r - a +0 pair of boots (worn)
 D - a +0 pair of gloves (worn)
 K - a +2 plate armour of cold resistance
 S - a +1 cloak of poison resistance (worn)
 Y - a +0 tower shield of positive energy (worn)
 Z - the +11 plate armour "Maucsaub" (worn) {Str+4}
   (You found it on level 15 of the Dungeon)

   Str:       It affects your strength (+4).
Jewellery
 b - a ring of willpower (right hand)
 e - an amulet of the acrobat
 g - an amulet of guardian spirit (around neck)
 j - an amulet of reflection
 s - a ring of ice
 t - a +4 ring of slaying (left hand)
 E - a ring of see invisible
 O - a ring of ice
 X - the ring "Puqiamiogh" {rPois rF++ rN+ rCorr Int-3}
   (You acquired it on level 4 of the Spider Nest)

   [ring of positive energy]

   Int:       It affects your intelligence (-3).
   rF:        It greatly protects you from fire.
   rPois:     It protects you from poison.
   rN:        It protects you from negative energy.
   rCorr:     It protects you from acid and corrosion.
Wands
 o - a wand of paralysis (22)
 u - a wand of flame (66)
 w - a wand of mindburst (14)
 B - a wand of iceblast (14)
 M - a wand of acid (27)
 N - a wand of digging (14)
Scrolls
 h - a scroll of magic mapping
 m - 10 scrolls of enchant armour
 n - 14 scrolls of teleportation
 p - 2 scrolls of holy word
 x - 5 scrolls of silence
 y - 2 scrolls of enchant weapon
 A - 4 scrolls of amnesia
 G - 6 scrolls of fog
 I - 7 scrolls of identify
 P - 5 scrolls of blinking
 W - 5 scrolls of fear
Potions
 c - 2 potions of brilliance
 d - 2 potions of magic
 k - 8 potions of haste
 q - 3 potions of ambrosia
 v - 2 potions of invisibility
 F - 3 potions of mutation
 J - 2 potions of berserk rage
 Q - 2 potions of resistance
 R - a potion of might
 T - 4 potions of heal wounds
 U - 2 potions of cancellation
 V - 4 potions of curing
Miscellaneous
 l - a tin of tremorstones (2/2)
 H - a condenser vane


   Skills:
 + Level 14.7(19.7) Fighting
 + Level 17.3(22.3) Axes
 + Level 15.2(20.2) Armour
 - Level 0.7(5.7) Stealth
 + Level 12.7(17.7) Shields
 * Level 13.1 Invocations
 * Level 11.6 Evocations


You had 17 spell levels left.
You didn't know any spells.
Your spell library contained the following spells:

 Spells                   Type           Power      Damage    Failure   Level
 Beastly Appendage        Tmut           0%         N/A       97%         1
 Foxfire                  Conj/Fire      0%         2x1d4     97%         1
 Freeze                   Ice            0%         1d3       97%         1
 Magic Dart               Conj           0%         1d3       97%         1
 Shock                    Conj/Air       0%         1d3       97%         1
 Ensorcelled Hibernation  Hex/Ice        0%         N/A       99%         2
 Passwall                 Tmut/Erth      0%         N/A       99%         2
 Slow                     Hex            0%         N/A       99%         2
 Static Discharge         Conj/Air       0%         N/A       99%         2
 Wereblood                Tmut           0%         N/A       99%         2
 Confusing Touch          Hex            0%         N/A       100%        3
 Conjure Flame            Conj/Fire      0%         6-21      100%        3
 Frozen Ramparts          Ice            0%         1d2       100%        3
 Ignite Poison            Fire/Tmut/Pois 0%         N/A       100%        3
 Inner Flame              Hex/Fire       0%         N/A       100%        3
 Mephitic Cloud           Conj/Pois/Air  0%         N/A       100%        3
 Spider Form              Tmut/Pois      0%         N/A       100%        3
 Swiftness                Air            0%         N/A       100%        3
 Airstrike                Air            0%         N/A       100%        4
 Cause Fear               Hex            0%         N/A       100%        4
 Dispel Undead            Necr           0%         3d6       100%        4
 Flame Wave               Conj/Fire      0%         3d3       100%        4
 Hailstorm                Conj/Ice       0%         3d3       100%        4
 Ice Form                 Ice/Tmut       0%         N/A       100%        4
 Olgreb's Toxic Radiance  Pois           0%         N/A       100%        4
 Passage of Golubria      Tloc           0%         N/A       100%        4
 Sticky Flame             Conj/Fire      0%         2d3       100%        4
 Borgnjor's Vile Clutch   Necr/Erth      0%         N/A       100%        5
 Iskenderun's Battlesphe  Conj           0%         2d6       100%        5
 Lightning Bolt           Conj/Air       0%         1d11      100%        5
 Yara's Violent Unravell  Hex/Tmut       0%         3d3       100%        5
 Dispersal                Tloc           0%         N/A       100%        6
 Invisibility             Hex            0%         N/A       100%        6
 Iron Shot                Conj/Erth      0%         9d1       100%        6
 Dragon Form              Tmut           0%         N/A       100%        7
 Ozocubu's Refrigeration  Ice            0%         4d5       100%        7
 Discord                  Hex            0%         N/A       100%        8
 Disjunction              Tloc           0%         N/A       100%        8
 Ignition                 Fire           0%         3d3       100%        8
 Maxwell's Capacitive Co  Air            0%         ∞         100%        8
 Chain Lightning          Conj/Air       0%         N/A       100%        9
 Fire Storm               Conj/Fire      0%         5d1       100%        9
 Shatter                  Erth           0%         3d5*      100%        9
 Call Imp                 Summ           Unusable   N/A       N/A         2
 Sublimation of Blood     Necr           Unusable   N/A       N/A         2
 Tukima's Dance           Hex            Unusable   N/A       N/A         3
 Animate Dead             Necr           Unusable   N/A       N/A         4
 Summon Lightning Spire   Summ/Air       Unusable   N/A       N/A         4
 Death Channel            Necr           Unusable   N/A       N/A         6
 Simulacrum               Ice/Necr       Unusable   N/A       N/A         6
 Haunt                    Necr/Summ      Unusable   N/A       N/A         7
 Spellforged Servitor     Conj/Summ      Unusable   N/A       N/A         7
 Summon Hydra             Summ           Unusable   N/A       N/A         7
 Infestation              Necr           Unusable   N/A       N/A         8
 Dragon's Call            Summ           Unusable   N/A       N/A         9

Dungeon Overview and Level Annotations

Branches:
Dungeon (15/15)            Temple (1/1) D:5            Lair (6/6) D:11
  Swamp (4/4) Lair:3       Spider (4/4) Lair:3        Slime (1/5) Lair:5
    Orc (2/2) D:12            Elf (0/3) Orc:2        Vaults (0/5) D:13
 Depths (0/4) D:15         Bailey (visited)         Gauntlet (visited)

Altars:
Ashenzari
Cheibriados
Dithmenos
Elyvilon
Fedhas
Gozag
Hepliaklqana
Kikubaaqudgha
Makhleb
Nemelex Xobeh
Okawaru
Qazlal
Ru
Sif Muna
Trog
Uskayaw
Vehumet
Wu Jian
Xom
Yredelemnul
Zin
The Shining One

Shops:
D:7 [(   D:8 (   D:13 (   D:14 :   Orc:2 (*?*

Portals:
Trove: D:13 (give 15 scrolls of teleportation)

Annotations:
D:11 2 transporters, exclusion: ice statue, MisterAzrael's ghost, journeyman MiFi


Innate Abilities, Weirdness & Mutations

You are immune to sickness and miasma.
Your stone body is resilient. (AC +13)
You are immune to poison.
Your large and strong wings let you fly.
You resist negative energy. (rN+)
You are resistant to electric shocks. (rElec)
You are resistant to unholy torment.
You are immune to petrification.
You have large cloven feet.
Armour fits poorly on your strangely shaped body.
You are dopey. (Int -2)
Your magical capacity is low. (-10% MP)
Your natural rate of healing is unusually fast.
You are weak. (Str -2)
You sometimes lose the ability to read scrolls when taking damage.


Message History

An ice dragon comes into view.
You block the ice dragon's attack. x2
The ice dragon tramples you but does no damage.
You block the goliath frog's attack.
Unknown command.
You slice the goliath frog!! You freeze the goliath frog.
The goliath frog is severely wounded.
You slice the ice dragon!! You freeze the ice dragon.
You block the ice dragon's attack.
The ice dragon claws you but does no damage.
The ice dragon tramples you but does no damage.
The goliath frog completely misses you.
You closely miss the goliath frog.
The goliath frog is severely wounded.
You slice the ice dragon!! You freeze the ice dragon.
The ice dragon bites you but does no damage.
You block the ice dragon's attack. x2
An eight-headed hydra simulacrum comes into view.
The goliath frog barely misses you.
Your shield prevents you from hitting the goliath frog.
The goliath frog is severely wounded.
You slash the ice dragon! You freeze the ice dragon.
You block the ice dragon's attack. x2
The ice dragon tramples you but does no damage.
The goliath frog hits you but does no damage.
A four-headed hydra simulacrum comes into view.
You closely miss the goliath frog.
The goliath frog is severely wounded.
You completely miss the ice dragon. You block the ice dragon's attack. x3
The goliath frog hits you!
You are splashed with acid.
Unknown command.
You slice the goliath frog!!
The goliath frog seems to slow down.
You freeze the goliath frog.
You kill the goliath frog!
Okawaru accepts your kill.
You hit the ice dragon. The ice dragon breathes frost at you.
The blast of cold hits you!!!!
You feel a terrible chill!
Ouch! That really hurt!
You die...

≈.[.≈≈.....≈≈##°#.#
..≈≈..)..≈≈.≈#○#..♣#
....≈.♣♣≈≈≈...§..#}#
.≈≈≈.≈♣≈≈≈.≈≈♣#.#.♣
≈≈<..♣♣♣≈≈.≈♣#.#..#
≈.≈≈≈♣ ♣♣≈≈.≈###..#
...≈♣♣ ♣♣..♣♣ #..#
..≈♣♣ ♣♣..≈≈♣##..#
.[♣♣ ♣♣..≈≈♣♣#.@##
≈§≈♣♣♣♣.♣≈≈≈♣♣##JD##
≈≈≈≈.♣.♣♣♣≈≈≈♣ #.Z.#
.≈≈≈..♣♣ ♣♣≈≈♣#.D###
.≈.§.(♣♣♣♣♣♣♣♣##..
.≈≈≈.♣.≈≈♣♣ #Z..
≈...♣♣..≈≈♣♣ ##Z.#
≈..♣♣..≈≈≈≈♣ ..#
≈..♣..≈≈≈≈♣♣ ..#


You could see 2 ice dragons, an azure jelly, an eight-headed hydra simulacrum, a
five-headed hydra simulacrum and a four-headed hydra simulacrum.

Vanquished Creatures
  Nikola (Spider:2)
  Arachne (Spider:3)
  A thorn hunter (Swamp:3)
  Kirke (Spider:4)
  An azure jelly (Lair:5)
  Louise (Swamp:3)
  A fire giant (D:15)
  2 ghost moths (Spider:4)
  2 emperor scorpions
  2 ghouls (Swamp:1)
  A quicksilver ooze (Gauntlet)
  3 entropy weavers
  A minotaur (Gauntlet)
  5 bunyips
  5 spark wasps
  5 eleionomae
  Josephine (Swamp:1)
  A shambling mangrove (Swamp:3)
  Fannar (Lair:2)
  Erolcha (D:12)
  16 hydras
  The ghost of Rennog the Fighter, a journeyman DjFi of Makhleb (D:12)
  3 catoblepae (Lair:6)
  4 ogre magi (Orc:2)
  A ghost crab (Swamp:3)
  4 boulder beetles
  Erica (D:9)
  A spriggan air mage (Swamp:1)
  14 two-headed ogres
  4 centaur warriors
  10 death yaks
  8 alligators
  An alligator (shapeshifter) (D:12)
  4 tengu warriors
  Nergalle (Lair:2)
  6 goliath frogs
  2 glowing orange brains
  7 swamp dragons
  A spriggan druid (Swamp:4)
  3 bog bodies
  3 orc knights
  2 deep elf pyromancers (D:12)
  A necromancer (D:13)
  A wizard (Gauntlet)
  20 ugly things
  7 orb spiders
  21 wolf spiders
  An orc sorcerer (Orc:2)
  3 will-o-the-wisps
  7 manticores
  2 moths of wrath
  6 cyclopes
  6 elephants (Lair:6)
  3 black mambas
  A torpor snail (Lair:5)
  2 gargoyles
  3 unseen horrors
  A kobold demonologist (D:9)
  11 cane toads
  3 ice devils
  11 rime drakes
  A yaktaur (D:15)
  6 demonic crawlers
  A komodo dragon (shapeshifter) (D:13)
  4 freezing wraiths (Swamp:4)
  7 komodo dragons
  22 jumping spiders
  3 meliai
  A bloated husk (Swamp:1)
  A polar bear (shapeshifter) (D:13)
  12 hornets
  8 trolls
  2 polar bears
  15 tyrant leeches
  Prince Ribbit (D:8)
  A hornet (shapeshifter) (D:11)
  9 slime creatures
  11 dream sheep (Lair:6)
  43 blink frogs
  A meliai zombie (D:10)
  A shadow (D:13)
  4 wraiths
  74 redbacks
  A spriggan (Swamp:4)
  Sigmund (D:2)
  66 yaks
  13 tarantellas
  5 wyverns
  3 hogs (Spider:4)
  A human (shapeshifter) (D:11)
  5 swamp worm simulacra (Swamp:4)
  8 basilisks
  4 neqoxecs
  A steam dragon (D:7)
  20 vampire mosquitoes
  17 swamp worms
  9 wargs
  5 hydra simulacra (Swamp:4)
  A hell hound (Lair:6)
  A water moccasin (shapeshifter) (D:11)
  14 water moccasins
  2 black bears
  A swamp drake (Swamp:2)
  23 orc warriors
  3 sky beasts
  A black bear (shapeshifter) (D:15)
  6 necrophages
  3 wolves (Lair:1)
  27 ogres
  17 centaurs
  2 kobold brigands
  8 bullfrogs
  2 gnoll sergeants
  A scorpion (D:6)
  A water moccasin zombie (D:5)
  2 water moccasin skeletons
  A bullfrog zombie (D:4)
  4 electric eels
  3 howler monkeys
  5 centaur zombies
  A jelly (D:7)
  4 hounds
  11 orc priests
  2 bullfrog skeletons
  3 centaur skeletons
  3 iguanas
  2 gnoll shamans
  9 hell rats (Lair:6)
  A scorpion zombie (D:5)
  20 orc wizards
  A killer bee zombie (D:8)
  A hound skeleton (D:4)
  A howler monkey zombie (D:9)
  18 gnolls
  7 adders
  2 shadow imps (Gauntlet)
  5 white imps
  An ufetubus (D:5)
  3 swamp drake simulacra (Swamp:4)
  5 worms
  2 dart slugs
  82 orcs
  4 ball pythons
  2 bats
  8 endoplasms
  4 giant cockroaches
  7 goblins
  9 hobgoblins
  4 jackals
  4 quokkas
  4 frilled lizards
  15 kobolds
  6 rats
1010 creatures vanquished.

Vanquished Creatures (others)
  A ghost moth (Spider:4)
  An alligator (Swamp:4)
  A wizard (D:14)
  An unseen horror (D:13)
  A jumping spider (Spider:4)
  3 bloated husks
  A tyrant leech (Swamp:4)
  A tarantella (Spider:4)
  A swamp worm (Swamp:3)
  A kobold brigand (D:7)
  3 demonic plants (Gauntlet)
  20 foxfires
  26 fungi
  37 plants
98 creatures vanquished.

Grand Total: 1108 creatures vanquished

Notes
Turn   | Place    | Note
-------+----------+-------------------------------------------
     0 | D:1      | bande the Gargoyle Fighter began the quest for the Orb.
     0 | D:1      | Reached XP level 1. HP: 14/14 MP: 1/1
   277 | D:1      | Reached XP level 2. HP: 16/19 MP: 2/2
   504 | D:1      | Found a faded altar of an unknown god.
   515 | D:1      | Got Plato's Guide on Blows and Bruises
   865 | D:1      | Reached skill level 2 in Axes
   865 | D:1      | Reached XP level 3. HP: 23/23 MP: 3/3
  1992 | D:2      | Found a stormy altar of Qazlal.
  2057 | D:2      | Noticed Sigmund
  2070 | D:2      | Killed Sigmund
  2071 | D:2      | Reached skill level 3 in Axes
  2071 | D:2      | Reached XP level 4. HP: 15/29 MP: 4/4
  2071 | D:2      | Reached XP level 5. HP: 17/33 MP: 5/5
  2623 | D:3      | Found an ornate altar of the Wu Jian Council.
  2750 | D:3      | Reached XP level 6. HP: 34/38 MP: 6/6
  2754 | D:3      | Noticed a sky beast
  2766 | D:3      | Killed a sky beast
  2767 | D:3      | Reached skill level 4 in Axes
  3375 | D:4      | Noticed a black bear
  3411 | D:3      | Killed a black bear
  3412 | D:3      | Reached XP level 7. HP: 21/44 MP: 4/7
  3578 | D:4      | Reached skill level 5 in Armour
  3792 | D:4      | Reached skill level 5 in Axes
  4104 | D:4      | Found an opulent altar of Gozag.
  4198 | D:4      | Reached skill level 5 in Fighting
  4300 | D:5      | Entered Level 5 of the Dungeon
  4312 | D:5      | Reached XP level 8. HP: 49/49 MP: 8/8
  4653 | D:5      | Reached skill level 6 in Axes
  4656 | D:5      | Reached skill level 5 in Shields
  4662 | D:5      | HP: 2/49 [centaur skeleton (3)]
  5729 | D:5      | Found a staircase to the Ecumenical Temple.
  5757 | Temple   | Entered the Ecumenical Temple
  5861 | D:5      | Found a glowing golden altar of the Shining One.
  6026 | D:6      | Reached skill level 7 in Axes
  6074 | D:6      | Reached XP level 9. HP: 55/55 MP: 9/9
  6648 | D:6      | Found a glowing silver altar of Zin.
  7345 | D:7      | Found a flagged portal.
  7359 | Bailey   | Entered a bailey
  7359 | Bailey   | Noticed an orc knight
  7362 | Bailey   | Noticed an orc knight
  7596 | D:7      | Found Pishrej's Armour Emporium.
  7610 | D:7      | Reached skill level 8 in Axes
  7989 | D:7      | Found a hide-covered altar of Uskayaw.
  8348 | D:7      | Found Fucuoqes's Weapon Boutique.
  8747 | D:7      | Reached XP level 10. HP: 63/63 MP: 8/10
  8796 | D:8      | Reached skill level 1 in Evocations
  9078 | D:8      | Noticed a tengu warrior
  9080 | D:8      | Noticed a deep elf pyromancer
  9081 | D:8      | Noticed a centaur warrior
  9083 | D:8      | Noticed a cyclops
  9104 | D:8      | Noticed Prince Ribbit
  9116 | D:8      | Killed Prince Ribbit
  9315 | D:8      | Found a snail-covered altar of Cheibriados.
  9520 | D:8      | Found a sparkling altar of Nemelex Xobeh.
  9559 | D:8      | Found Xorrakhlyet's Antique Weapon Emporium.
  9674 | D:9      | Found a stormy altar of Qazlal.
  9849 | D:9      | Noticed Erica
  9850 | D:9      | Reached skill level 9 in Axes
  9851 | D:9      | Noticed a kobold demonologist
  9866 | D:9      | Noticed a sixfirhy
  9867 | D:9      | Killed a kobold demonologist
  9880 | D:9      | Killed Erica
 11028 | D:10     | Entered Level 10 of the Dungeon
 11028 | D:10     | Noticed a gargoyle
 11042 | D:9      | Killed a gargoyle
 11511 | D:9      | Reached XP level 11. HP: 31/68 MP: 3/11
 12115 | D:10     | Reached skill level 10 in Axes
 12153 | D:10     | Found a shimmering altar of Xom.
 12213 | D:10     | Found an iron altar of Okawaru.
 12228 | D:10     | Became a worshipper of Warmaster Okawaru
 12277 | D:10     | Found a basalt altar of Yredelemnul.
 12535 | D:10     | Reached skill level 1 in Invocations
 12610 | D:10     | Found a burning altar of Makhleb.
 12618 | D:10     | Found a blossoming altar of Fedhas.
 13069 | D:11     | Noticed a white ugly thing
 13080 | D:11     | Killed a white ugly thing
 13080 | D:11     | Reached * piety under Okawaru
 13081 | D:11     | Reached skill level 10 in Armour
 13097 | D:11     | Found a transporter.
 13097 | D:11     | Noticed a cyclops
 13103 | D:11     | Noticed a death knight
 13108 | D:11     | Found a gate leading to a gauntlet.
 13109 | D:11     | Noticed a boulder beetle
 13116 | Gauntlet | Entered a Gauntlet
 13116 | Gauntlet | Found a transporter.
 13119 | Gauntlet | Noticed a wizard
 13219 | Gauntlet | Found a transporter.
 13221 | Gauntlet | Found a transporter.
 13247 | Gauntlet | Killed a wizard
 13328 | Gauntlet | Found a transporter.
 13376 | Gauntlet | Found a transporter.
 13376 | Gauntlet | Found a transporter.
 13376 | Gauntlet | Found a transporter.
 13394 | Gauntlet | Noticed a wretched star
 13467 | Gauntlet | Noticed a quicksilver ooze
 13488 | Gauntlet | Found a transporter.
 13521 | Gauntlet | Killed a quicksilver ooze
 13521 | Gauntlet | Reached ** piety under Okawaru
 13974 | Gauntlet | Noticed a minotaur
 13990 | Gauntlet | Killed a minotaur
 14230 | D:11     | Found a transporter.
 14237 | D:11     | Noticed a manticore
 14239 | D:11     | Noticed MisterAzrael's ghost (journeyman MiFi)
 14241 | D:11     | Noticed a purple ugly thing
 14258 | D:11     | Found a staircase to the Lair.
 14286 | D:11     | Reached skill level 5 in Evocations
 14709 | D:11     | Noticed a manticore
 14723 | D:11     | Killed a manticore
 14780 | D:11     | Noticed a two-headed ogre
 14788 | D:11     | Killed a two-headed ogre
 14788 | D:11     | Reached *** piety under Okawaru
 14789 | D:11     | Reached XP level 12. HP: 76/76 MP: 11/14
 15293 | Lair:1   | Entered Level 1 of the Lair of Beasts
 15304 | Lair:1   | Noticed a six-headed hydra
 15566 | D:11     | Killed a one-headed hydra
 15974 | Lair:1   | Noticed a six-headed hydra
 16004 | D:11     | Killed a one-headed hydra
 16005 | D:11     | Reached skill level 11 in Axes
 16301 | Lair:1   | Reached **** piety under Okawaru
 16842 | Lair:1   | Noticed an eight-headed hydra
 16853 | Lair:1   | Killed a one-headed hydra
 17150 | Lair:1   | Reached skill level 5 in Invocations
 17257 | Lair:1   | Reached ***** piety under Okawaru
 17761 | Lair:2   | Received a gift from Okawaru
 17887 | Lair:2   | Noticed an eight-headed hydra
 17894 | Lair:2   | Noticed Nergalle
 17900 | Lair:2   | Killed a one-headed hydra
 17901 | Lair:2   | Reached skill level 10 in Fighting
 17911 | Lair:2   | Killed Nergalle
 17912 | Lair:2   | Reached XP level 13. HP: 59/82 MP: 7/17
 18240 | Lair:2   | Noticed Fannar
 18280 | Lair:2   | Killed Fannar
 18373 | Lair:2   | Reached skill level 12 in Axes
 19540 | Lair:3   | Found a hole to the Spider Nest.
 19658 | Lair:3   | Found a staircase to the Swamp.
 19714 | Lair:3   | Reached ****** piety under Okawaru
 21032 | Lair:4   | Received a gift from Okawaru
 22158 | Lair:4   | Gained mutation: Your large and strong wings let you fly.
                  | [Gargoyle growth]
 22158 | Lair:4   | Reached XP level 14. HP: 88/88 MP: 14/19
 22696 | Lair:5   | Reached skill level 13 in Axes
 22746 | Lair:5   | Found a shimmering altar of Xom.
 23180 | Lair:5   | Received a gift from Okawaru
 23291 | Lair:5   | Found a staircase to the Slime Pits.
 23798 | Lair:6   | Entered Level 6 of the Lair of Beasts
 24436 | Lair:6   | Received a gift from Okawaru
 25631 | Lair:6   | Received a gift from Okawaru
 25642 | Lair:6   | Reached skill level 10 in Shields
 25653 | Lair:6   | Reached skill level 14 in Axes
 25658 | Lair:6   | Reached XP level 15. HP: 96/96 MP: 2/21
 26713 | D:12     | Noticed Erolcha
 26730 | D:12     | Killed Erolcha
 26996 | D:12     | Found a runed translucent gate.
 26996 | D:12     | Found a runed translucent gate.
 26996 | D:12     | Found a runed translucent gate.
 27293 | D:12     | Received a gift from Okawaru
 27702 | D:12     | Found a staircase to the Orcish Mines.
 28297 | D:12     | Found a runed translucent gate.
 28297 | D:12     | Found a runed translucent gate.
 28300 | D:12     | Found a runed translucent gate.
 28306 | D:12     | Noticed Rennog's ghost (journeyman DjFi)
 28316 | D:12     | Gained mutation: You are dopey. (Int -2) [a neqoxec]
 28325 | D:12     | Gained mutation: Potions are less effective at restoring
                  | your health. [a neqoxec]
 28360 | D:12     | Lost intelligence.
 28569 | D:11     | Gained mutation: You are frail. (-10% HP) [a neqoxec]
 28604 | D:12     | Killed Rennog's ghost
 28605 | D:12     | Gained mutation: You are very frail. (-20% HP) [a neqoxec]
 28605 | D:12     | Gained mutation: You are very dopey. (Int -4) [a neqoxec]
 28660 | D:12     | Gained mutation: Your body sometimes deteriorates upon
                  | taking damage. [mutagenic glow]
 28671 | D:12     | Gained mutation: Armour fits poorly on your strangely
                  | shaped body. [mutagenic glow]
 28683 | D:12     | Gained mutation: You sometimes lose the ability to read
                  | scrolls when taking damage. [mutagenic glow]
 28696 | D:12     | Lost mutation: You sometimes lose the ability to read
                  | scrolls when taking damage. [potion of mutation]
 28696 | D:12     | Lost mutation: You are very dopey. (Int -4) [potion of
                  | mutation]
 28696 | D:12     | Lost mutation: You are very frail. (-20% HP) [potion of
                  | mutation]
 28696 | D:12     | Gained mutation: Your natural rate of healing is unusually
                  | fast. [potion of mutation]
 28697 | D:12     | Lost mutation: Your body sometimes deteriorates upon taking
                  | damage. [potion of mutation]
 28697 | D:12     | Lost mutation: Potions are less effective at restoring your
                  | health. [potion of mutation]
 28697 | D:12     | Lost mutation: You are frail. (-10% HP) [potion of
                  | mutation]
 28697 | D:12     | Gained mutation: You are weak. (Str -2) [potion of
                  | mutation]
 28697 | D:12     | Gained mutation: You have large cloven feet. [potion of
                  | mutation]
 28845 | D:13     | Found a portal to a secret trove of treasure.
 29152 | D:13     | Found a gate to the Vaults.
 29434 | D:13     | Found Erirox Osemn's Weapon Shoppe.
 30124 | D:14     | Found Wuxa's Book Shoppe.
 30177 | D:14     | Received a gift from Okawaru
 30243 | D:14     | Reached skill level 10 in Invocations
 30303 | D:14     | Found an iron altar of Okawaru.
 30633 | D:15     | Entered Level 15 of the Dungeon
 30828 | D:15     | Identified the +11 plate armour "Maucsaub" {Str+4}
 31047 | D:15     | Reached XP level 16. HP: 100/103 MP: 21/23
 31076 | D:15     | Found a staircase to the Depths.
 31087 | D:15     | Reached skill level 15 in Axes
 31477 | D:15     | Received a gift from Okawaru
 31917 | D:12     | Gained mutation: You have hidden genetic defects. [a
                  | neqoxec]
 31984 | Orc:1    | Entered Level 1 of the Orcish Mines
 32559 | Orc:2    | Entered Level 2 of the Orcish Mines
 33107 | Orc:2    | Found a staircase to the Elven Halls.
 33349 | Orc:2    | Gained mutation: Your magical capacity is low. (-10% MP)
                  | [hidden defects]
 33707 | Orc:2    | Reached skill level 10 in Evocations
 33773 | Orc:2    | Found Caerhye's Assorted Antiques.
 33773 | Orc:2    | Found Jodetiag's Antique Weapon Shoppe.
 33774 | Orc:2    | Found Cithizeps's Assorted Antiques.
 33774 | Orc:2    | Found Tayrou's Magic Scroll Boutique.
 33788 | Orc:2    | Bought a brightly glowing broad axe for 261 gold pieces
 33788 | Orc:2    | Identified the +10 broad axe "Catiotie" {freeze, rPois rC-
                  | Int+9} (You bought it in a shop on level 2 of the Orcish
                  | Mines)
 34366 | Spider:1 | Entered Level 1 of the Spider Nest
 34554 | Spider:1 | Gained mutation: You sometimes lose the ability to read
                  | scrolls when taking damage. [hidden defects]
 34554 | Spider:1 | Lost mutation: You have hidden genetic defects. [hidden
                  | defects expressed]
 34602 | Spider:1 | Received a gift from Okawaru
 35309 | Spider:2 | Noticed Nikola
 35334 | Spider:2 | Killed Nikola
 35334 | Spider:2 | Received a gift from Okawaru
 35566 | Spider:2 | Reached XP level 17. HP: 109/109 MP: 23/23
 35567 | Spider:2 | Reached skill level 16 in Axes
 36459 | Spider:3 | Noticed Arachne
 36479 | Spider:3 | Killed Arachne
 36479 | Spider:3 | Received a gift from Okawaru
 37034 | Spider:4 | Entered Level 4 of the Spider Nest
 37035 | Spider:4 | Identified a scroll of acquirement
 37035 | Spider:4 | Acquired the ring "Puqiamiogh" {rPois rF++ rN+ rCorr Int-3}
 37094 | Spider:4 | Noticed Kirke
 37103 | Spider:4 | Killed Kirke
 37728 | Spider:4 | Received a gift from Okawaru
 37808 | Spider:4 | HP: 3/111 [emperor scorpion (5)]
 38071 | Spider:4 | Got a gossamer rune of Zot
 38487 | Slime:1  | Entered Level 1 of the Pits of Slime
 38605 | Swamp:1  | Entered Level 1 of the Swamp
 38815 | Swamp:1  | Noticed Josephine
 38826 | Swamp:1  | Killed Josephine
 39400 | Swamp:2  | Identified the +1 scale mail of Watchfulness {rC+} (Okawaru
                  | gifted it to you on level 2 of the Swamp)
 39400 | Swamp:2  | Received a gift from Okawaru
 39401 | Swamp:2  | Reached skill level 17 in Axes
 39413 | Swamp:2  | Reached XP level 18. HP: 36/117 MP: 3/24
 40165 | Swamp:3  | Reached skill level 15 in Armour
 40463 | Swamp:3  | Identified the +8 mace of Calculation {freeze, Int+7}
 40526 | Swamp:3  | Noticed Louise
 40569 | Swamp:3  | Killed Louise
 40908 | Swamp:4  | Entered Level 4 of the Swamp
 41140 | Swamp:4  | HP: 3/117 [alligator[a spriggan druid] (8)]
 41147 | Swamp:4  | HP: 4/117 [tyrant leech[a spriggan druid] (8)]
 41509 | Swamp:4  | Identified the +3 scale mail of Nemelex Xobeh's Favour
                  | {Dex+7}
 42027 | Swamp:4  | Killed from afar by an ice dragon

Illustrated notes

Levels and vault maps discovered:
D:1:      dpeg_arrival_simpleton_c, layout_basic,
          shapermc_ecumenical_altar_rom_forum, minmay_split_cup_large
D:2:      layout_loops_cross, basic_altar, minmay_tetromino_o4, uniq_sigmund
D:3:      layout_rooms, mainiacjoe_overflow_alcove_4, minmay_fractal_squares_5
D:4:      layout_cave_pools, general_overflow_altar
D:5:      layout_loops_cross, minmay_temple_entry_offerings,
          minmay_ruined_shrine
D:6:      layout_gridville, mainiacjoe_overflow_cross_hatched
D:7:      layout_rooms, eat_drink_and_be_merry_uskayaw, serial_shops, shop,
          enter_bailey_4, kennysheep_windowed_goal
D:8:      layout_rooms, nemelex_xobeh_ov_fountains_minmay,
          mainiacjoe_overflow_boulevard, serial_shops, shop,
          onia_ninara_dug_in_and_dangerous, uniq_prince_ribbit1
D:9:      layout_roguey, grunt_qazlal_clouds, minivault_5, uniq_erica
D:10:     layout_loops_ring, mainiacjoe_overflow_large_starburst,
          mainiacjoe_overflow_chevrons, jmf_multi_god_temple
D:11:     layout_gridville, erik_lair_orcish_takeover, gauntlet_entry_generic,
          serial_rivers, chequers_serial_rivers_micro_b,
          chequers_serial_rivers_small_b, chequers_serial_rivers_micro_b,
          chequers_serial_rivers_large_b, nzn_ghost_randoct,
          small_statue_alley_a
D:12:     layout_long_grid, orc_0_dummy,
          ploomutoo_gammafunk_ghost_potion_laboratory, uniq_erolcha
D:13:     layout_basic, david_vaults_1, enter_trove_3, serial_shops, shop,
          minmay_fractal_squares_gapless_5
D:14:     layout_cross, okawaru_ov_weapons_minmay, serial_shops, shop
D:15:     grunt_enter_depths_giant_problem, layout_irregular_city, serial_glass,
          glass_columns_a, glass_columns_b, dk_noncrumbling_4
Temple:   jpeg_temple_alley_garden
Lair:1:   layout_long_grid, chequers_serial_rivers_micro_b
Lair:2:   layout_small_grid, minivault_11, uniq_nergalle, uniq_fannar
Lair:3:   layout_long_grid, swamp_mist, spider_nest_entry_web_field,
          portal_ice_cave_demonic_guard, nicolae_quartered_pool_little
Lair:4:   beast_lair_carwin_large_3, layout_cave_pods
Lair:5:   layout_small_grid, slime_dummy, chequers_serial_rivers_marsh,
          lemuel_centaur_altar, serial_bayou_shore_b
Lair:6:   evilmike_catoblepas_cave, layout_cave_pods, special_room
          [special_room_mythical_zoo]
Swamp:1:  layout_basic_swamp, serial_swamp_ruin, evilmike_swamp_ruin_rubble_1,
          evilmike_swamp_ruin_house_2, evilmike_swamp_ruin_house_1, swamp_pool4,
          uniq_josephine
Swamp:2:  layout_basic_swamp, evilmike_swamp_ruin_wall, swamp_pool1,
          nicolae_swamp_tree_designs
Swamp:3:  layout_basic_swamp, hangedman_swamp_lotus, uniq_louise
Swamp:4:  swamp_icy, layout_basic_swamp
Spider:1: layout_spider_delve, nicolae_spider_circle_web
Spider:2: nicolae_spider_hilbert_zone_2 [nicolae_spider_hilbert_4_sides_1_open,
          nicolae_spider_hilbert_4_sides_1_open,
          nicolae_spider_hilbert_4_sides_1_open,
          nicolae_spider_hilbert_4_sides_1_open,
          nicolae_spider_hilbert_6_sides_1_open,
          nicolae_spider_hilbert_6_sides_1_open,
          nicolae_spider_hilbert_3_sides_1_open,
          nicolae_spider_hilbert_3_sides_1_open,
          nicolae_spider_hilbert_3_sides_1_open,
          nicolae_spider_hilbert_3_sides_1_open,
          nicolae_spider_hilbert_6_sides_1_open,
          nicolae_spider_hilbert_6_sides_1_open,
          nicolae_spider_hilbert_6_sides_1_open,
          nicolae_spider_hilbert_6_sides_1_open], uniq_nikola
Spider:3: layout_spider_delve, uniq_arachne
Spider:4: spider_rune_water, uniq_kirke
Slime:1:  layout_caves, cheibrodos_slime_lost_civilization_7
Orc:1:    cheibrodos_orc_guarddog, layout_caves
Orc:2:    st_orc_ogre_mass, layout_caves

Skill      XL: |  1  2  3  4  5  6  7  8  9 10 11 12 13 14 15 16 17 18 |
---------------+-------------------------------------------------------+-----
Axes           | 2 3 4 5 7 8 9 10 11 12 14 15 17 | 17.3
Shields        | 4 5 6 7 8 9 10 11 12 | 12.7
Fighting       | 4 5 6 7 8 9 10 11 12 13 14 | 14.7
Armour         | 4 5 6 8 9 10 11 12 13 14 15 | 15.2
Evocations     | 3 5 6 7 8 9 10 11 | 11.6
Invocations    | 3 5 7 8 10 11 12 13 | 13.1
Stealth        | |  0.7

Action                   |  1- 3 |  4- 6 |  7- 9 | 10-12 | 13-15 | 16-18 || total
-------------------------+-------+-------+-------+-------+-------+-------++-------
Melee: War axe           |   102 |   101 |    67 |   319 |  1378 |   423 ||  2390
       Hand axe          |       |       |   400 |   313 |    56 |    56 ||   825
       Kick              |       |       |       |       |   147 |   184 ||   331
       Broad axe         |       |       |       |       |       |   899 ||   899
Invok: Heroism           |       |       |       |     2 |       |     1 ||     3
  Use: Potion            |     2 |       |     1 |    10 |     5 |     4 ||    22
       Scroll            |       |     5 |    11 |     7 |     4 |     2 ||    29
Armor: Scale mail        |    42 |    63 |   107 |       |       |       ||   212
       Plate armour      |       |       |   203 |   589 |  1325 |  1214 ||  3331
Dodge: Dodged            |    36 |    44 |   157 |   243 |   464 |   367 ||  1311
Block: Buckler           |    26 |    44 |   136 |   252 |   568 |   368 ||  1394
       Reflection        |       |     1 |       |       |     8 |       ||     9
       Tower shield      |       |       |       |       |       |   356 ||   356

Table legend: (Time is in decaauts)
 A = Elapsed time spent in this place.
 B = Non-inter-level travel time spent in this place.
 C = Inter-level travel time spent in this place.
 D = Time resting spent in this place.
 E = Time spent auto-exploring this place.
 F = Levels seen in this place.
 G = Mean time per level.
                   A        B        C        D        E       F      G
               +--------+--------+--------+--------+--------+-----+--------+
         Total |  42073 |  41643 |    430 |  12352 |  19190 |  35 | 1202.1 |
       Dungeon |  20857 |  20589 |    268 |   7219 |   8968 |  15 | 1390.5 |
        Temple |     82 |     82 |      0 |      0 |      0 |   1 |   82.0 |
          Lair |  10706 |  10660 |     46 |   3326 |   4995 |   6 | 1784.3 |
         Swamp |   3419 |   3419 |      0 |    583 |   1763 |   4 |  854.8 |
   Spider Nest |   3945 |   3829 |    116 |    364 |   2396 |   4 |  986.2 |
    Slime Pits |      1 |      1 |      0 |      0 |      0 |   1 |    1.0 |
  Orcish Mines |   1960 |   1960 |      0 |    239 |    907 |   2 |  980.0 |
        Bailey |      5 |      5 |      0 |      0 |      0 |   1 |    5.0 |
      Gauntlet |   1092 |   1092 |      0 |    621 |    161 |   1 | 1092.0 |
               +--------+--------+--------+--------+--------+-----+--------+

Top non-repeatable levels by time:
  Lair:6: 2703 daAuts
    D:11: 2623 daAuts
  Lair:4: 2190 daAuts
     D:9: 2049 daAuts
    D:12: 1785 daAuts
  Lair:1: 1679 daAuts
  Lair:2: 1673 daAuts
     D:5: 1622 daAuts
     D:6: 1479 daAuts
    D:13: 1431 daAuts
     D:2: 1382 daAuts
     D:7: 1359 daAuts
     D:1: 1281 daAuts
Spider:4: 1251 daAuts
  Lair:5: 1244 daAuts
